 Dungeon Crawl Stone Soup version 0.27-a0-1196-g3e9cee4cb2 (webtiles) character file.

Game seed: 10234638679802867756

613 Kinoniko the Slicer (level 7, -7/41 HPs)
             Began as a Kobold Berserker on May 28, 2021.
             Was a Priest of Trog.
             Killed by divine providence
             ... invoked by an orc priest
              (17 damage)
             ... on level 5 of the Dungeon.
             The game lasted 00:04:29 (5461 turns).

Kinoniko the Slicer (Kobold Berserker)              Turns: 5461, Time: 00:04:30

Health: -7/41      AC: 10    Str: 16    XL:     7   Next: 73%
Magic:  7/7        EV:  9    Int:  8    God:    Trog [***...]
Gold:   262        SH:  0    Dex: 15    Spells: 6/6 levels left

rFire    . . .     SeeInvis .   k - +1 dagger (drain)
rCold    . . .     Faith    .   (shield restricted)
rNeg     . . .     Spirit   .   d - +0 chain mail
rPois    .         Reflect  .   j - +0 helmet
rElec    .         Harm     .   o - +0 cloak
rCorr    .         Rampage  .   (no gloves)
Will     +....                  (no boots)
Stlth    ..........             (no amulet)
HPRegen  0.13/turn              n - ring of willpower
MPRegen  0.10/turn              (no ring)

@: on berserk cooldown, slowed, very slow
A: small, no large weapons, nightstalker 3
a: Renounce Religion, Berserk, Trog's Hand


You were on level 5 of the Dungeon.
You worshipped Trog.
Trog was most pleased with you.
You visited 1 branch of the dungeon, and saw 5 of its levels.

You collected 262 gold pieces.

Inventory:

Hand Weapons
 a - a +0 short sword
 k - a +1 dagger of draining (weapon)
 y - a +1 long sword of holy wrath
Missiles
 b - 2 boomerangs of dispersal
 e - 3 throwing nets
Armour
 d - a +0 chain mail (worn)
 j - a +0 helmet (worn)
 o - a +0 cloak (worn)
Jewellery
 n - a ring of willpower (left hand)
Wands
 m - a wand of mindburst (10)
Scrolls
 f - 2 scrolls of identify {unknown}
 i - a scroll of blinking {unknown}
 l - a scroll of enchant weapon {unknown}
 r - a scroll of holy word {unknown}
 t - a scroll of fog {unknown}
 u - a scroll of noise {unknown}
 v - a scroll of immolation {unknown}
 w - a scroll of magic mapping {unknown}
Potions
 c - 3 potions of curing {unknown}
 g - a potion of heal wounds
 h - a potion of resistance {unknown}
 p - 2 potions of might {unknown}
 q - a potion of cancellation {unknown}
 s - a potion of mutation {unknown}
 x - a potion of brilliance {unknown}


   Skills:
 - Level 3.2 Fighting
 + Level 10.8 Short Blades
 - Level 1.5 Armour
 - Level 2.4 Dodging


You had 6 spell levels left.
You didn't know any spells.
Your spell library was empty.

Dungeon Overview and Level Annotations

Branches:
Dungeon (5/15)
 Temple: D:4-7

Altars:
Yredelemnul


Innate Abilities, Weirdness & Mutations

You are small and have problems with some larger weapons.
You are completely attuned to the shadows.


Message History

Trog accepts your kill.
Trog appreciates your killing of a magic user.
You hit something. You completely miss something.
The orc priest calls down the wrath of Beogh upon you.
You resist with some effort. Something hits you but does no damage.
You puncture something! You puncture something! Trog accepts your kill.
Trog appreciates your killing of a magic user.
Reactivating autopickup.
You feel a bit more experienced.
The orc priest hits you with a +0 flail!
* * * LOW HITPOINT WARNING * * *
Items here: )) [ †.
You puncture the orc priest! You drain the orc priest.
The orc priest is almost dead.
You puncture the orc priest!
You kill the orc priest!
Trog accepts your kill.
Things that are here:
a +0 flail; a +0 leather armour; an orc corpse You puncture the howler monkey skeleton!
The howler monkey skeleton is moderately damaged.
You puncture the howler monkey skeleton!
The howler monkey skeleton is almost destroyed.
You puncture the howler monkey skeleton!
You destroy the howler monkey skeleton!
Trog accepts your kill.
You are no longer berserk.
You are exhausted.
You feel yourself slow down.
Items here: )) [ †.
Things that are here:
a +0 short sword; a +0 leather armour You start resting.
An orc priest comes into view. It is wielding a +0 flail.
The orc priest invokes the aid of Beogh against you.
Beogh smites you!
You die...

#######
#.....#
#.###'##
#†##.)@#
##.##o#)#
##..##.#)#
##..###Z#)#
##..##
#.#.# #.[##
#.. #.##
##.. #.#
... #.#


You could see an orc priest.

Vanquished Creatures
  A wraith (D:5)
  An ice beast (D:5)
  2 orc priests (D:5)
  Natasha (thrice) (D:2)
  2 orc wizards (D:5)
  Robin (D:2)
  A howler monkey skeleton (D:5)
  6 adders
  An ufetubus (D:4)
  An adder skeleton (D:4)
  2 worms (D:2)
  3 dart slugs (D:2)
  9 orcs
  6 ball pythons
  7 endoplasms
  4 giant cockroaches
  11 goblins
  6 hobgoblins
  8 jackals
  2 quokkas
  7 bats
  3 frilled lizards
  4 kobolds
  3 rats
94 creatures vanquished.

Notes
Turn   | Place    | Note
-------+----------+-------------------------------------------
     0 | D:1      | Kinoniko the Kobold Berserker began the quest for the Orb.
     0 | D:1      | Reached XP level 1. HP: 14/14 MP: 1/1
   434 | D:1      | Reached XP level 2. HP: 19/19 MP: 2/2
   832 | D:1      | Found a faded altar of an unknown god.
   910 | D:1      | Reached skill level 5 in Short Blades
  1329 | D:2      | Reached XP level 3. HP: 23/23 MP: 3/3
  1640 | D:2      | Reached skill level 6 in Short Blades
  1751 | D:2      | Reached XP level 4. HP: 28/28 MP: 4/4
  1783 | D:2      | Found a basalt altar of Yredelemnul.
  1851 | D:2      | Noticed Robin
  1859 | D:2      | Killed Robin
  1859 | D:2      | Reached ** piety under Trog
  2423 | D:2      | Reached skill level 7 in Short Blades
  2423 | D:2      | Reached XP level 5. HP: 31/32 MP: 5/5
  2767 | D:2      | Noticed Natasha
  2773 | D:2      | Killed Natasha
  2854 | D:2      | Noticed Natasha
  2862 | D:2      | Killed Natasha
  2946 | D:2      | Noticed Natasha
  2954 | D:2      | Killed Natasha
  2955 | D:2      | Reached skill level 8 in Short Blades
  2955 | D:2      | Reached XP level 6. HP: 34/37 MP: 6/6
  4587 | D:4      | Reached *** piety under Trog
  5168 | D:5      | Entered Level 5 of the Dungeon
  5240 | D:5      | Noticed a wraith
  5248 | D:5      | Killed a wraith
  5249 | D:5      | Reached skill level 9 in Short Blades
  5249 | D:5      | Reached XP level 7. HP: 41/41 MP: 7/7
  5278 | D:5      | Reached skill level 10 in Short Blades
  5461 | D:5      | Killed from afar by an orc priest

Illustrated notes

Levels and vault maps discovered:
D:1:      dpeg_arrival_houses_and_road, layout_basic,
          hellmonk_ecumenical_altar_zigzags, chequers_serial_rivers_micro_d,
          minmay_door_square
D:2:      layout_loops_corners, basic_altar, minmay_indecisive_spiral,
          uniq_natasha, uniq_robin
D:3:      layout_basic
D:4:      layout_basic, nicolae_overflow_hidden_temple
D:5:      layout_rooms, lemuel_doored_altar, nicolae_tso_swordbearing_angel,
          uniq_grinder

Skill      XL: |  1  2  3  4  5  6  7 |
---------------+----------------------+-----
Short Blades   | 5 6 7 8 9 10 | 10.8
Fighting       | |  3.2
Armour         | |  1.5
Dodging        | |  2.4

Action                   |  1- 3 |  4- 6 |  7- 9 || total
-------------------------+-------+-------+-------++-------
Melee: Short sword       |   101 |    43 |       ||   144
       Dagger            |       |   138 |    59 ||   197
Invok: Berserk           |     4 |     3 |     1 ||     8
Armor: Chain mail        |    40 |    47 |    20 ||   107
Dodge: Dodged            |    29 |    72 |    18 ||   119

Table legend: (Time is in decaauts)
 A = Elapsed time spent in this place.
 B = Non-inter-level travel time spent in this place.
 C = Inter-level travel time spent in this place.
 D = Time resting spent in this place.
 E = Time spent auto-exploring this place.
 F = Levels seen in this place.
 G = Mean time per level.
                   A        B        C        D        E       F      G
               +--------+--------+--------+--------+--------+-----+--------+
         Total |   5414 |   5168 |    246 |    858 |   3857 |   5 | 1082.8 |
       Dungeon |   5414 |   5168 |    246 |    858 |   3857 |   5 | 1082.8 |
               +--------+--------+--------+--------+--------+-----+--------+

Top non-repeatable levels by time:
     D:2: 1712 daAuts
     D:1: 1284 daAuts
     D:4: 1106 daAuts
     D:3: 1038 daAuts
     D:5: 272 daAuts
